Tampa Bay Lightning vs Anaheim Ducks
(R2)
Created - Wednesday, March 19, 2025 at 09:00
Goals
|
| Tampa Bay Lightning |
0 |
2 |
2 |
4 |
| Anaheim Ducks |
0 |
1 |
1 |
2 |
|
Shots
|
| Tampa Bay Lightning |
17 |
8 |
8 |
33 |
| Anaheim Ducks |
10 |
10 |
11 |
31 |
|
1st period
No Goal
Penalties :
Josh Manson (ANA) for Fighting (Major) at 1:11, Hampus Lindholm (TBL) for Fighting (Major) at 1:11, Joshua Morrissey (ANA) for Cross-checking (Minor) at 2:32, Josh Manson (ANA) for Delaying the game (Minor) at 13:47, Morgan Rielly (ANA) for Fighting (Major) at 17:04, Filip Forsberg (TBL) for Fighting (Major) at 17:04
2nd period
1. Anaheim Ducks , John Tavares 15 (William Nylander 25) at 7:32
2. Tampa Bay Lightning , Jonathan Huberdeau 7 (Trevor Moore 10, Brent Burns 9) at 11:00
3. Tampa Bay Lightning , Kirill Kaprizov 15 (Gustav Nyquist 8, Tyler Myers 3) at 13:40
Penalties :
Alex Killorn (ANA) for Roughing (Minor) at 17:14
3rd period
4. Tampa Bay Lightning , Darnell Nurse 3 (Kirill Kaprizov 18, Anze Kopitar 12) at 3:54 (PP)
5. Anaheim Ducks , William Nylander 16 (John Tavares 19, Joshua Morrissey 11) at 7:28 (PP)
6. Tampa Bay Lightning , Roope Hintz 10 (Travis Konecny 17, Jamie Benn 19) at 14:13 (PP)
Penalties :
Brayden Schenn (ANA) for Hooking (Minor) at 0:33, Mark Scheifele (ANA) for Delaying the game (Minor) at 3:40, Jamie Benn (TBL) for Cross-checking (Minor) at 6:04, Moritz Seider (TBL) for Interference (Minor) at 8:15, Brayden Schenn (ANA) for Hooking (Minor) at 12:43, Moritz Seider (TBL) for Roughing (Minor) at 14:20
Goalie Stats
Darcy Kuemper (TBL), 29 saves from 31 shots - (0.935), W, 20-6-1, 60:00 minutes
Linus Ullmark (ANA), 29 saves from 33 shots - (0.879), L, 13-9-2, 60:00 minutes
Players Stats for Tampa Bay Lightning
Player Name G A P +/- PIM S H SB GA TA FO MP PP MP PK MP
------------------------------------------------------------------------------------
Anze Kopitar 0 1 1 1 0 6 1 2 0 1 14/30 19:45 3:39 2:35
Brent Burns 0 1 1 1 0 1 1 0 0 3 0/0 23:23 4:03 2:06
Darnell Nurse 1 0 1 0 0 3 0 2 0 0 0/0 21:23 4:51 2:33
Dylan Cozens 0 0 0 -1 0 2 2 0 0 0 0/0 9:48 0:15 2:35
Filip Forsberg 0 0 0 0 5 0 0 0 0 0 0/0 15:26 4:30 0:00
Gustav Nyquist 0 1 1 1 0 2 1 0 1 1 1/1 14:10 0:00 0:00
Hampus Lindholm 0 0 0 0 5 0 1 0 0 0 0/0 13:13 0:00 0:00
Jamie Benn 0 1 1 1 2 1 2 3 0 0 3/12 16:17 4:54 0:00
Jason Dickinson 0 0 0 -1 0 0 0 0 0 2 3/5 11:44 0:15 2:47
Jonathan Huberdeau 1 0 1 1 0 2 3 1 0 0 0/0 10:40 0:55 0:00
Jordan Martinook 0 0 0 -1 0 0 0 1 0 0 1/1 6:37 0:00 0:00
Kirill Kaprizov 1 1 2 1 0 1 2 0 1 0 0/0 17:42 3:42 0:00
Michael Matheson 0 0 0 0 0 2 1 3 2 0 0/0 23:56 5:44 2:40
Moritz Seider 0 0 0 1 4 1 2 2 0 0 0/0 22:26 4:07 0:36
Roope Hintz 1 0 1 0 0 2 0 0 0 1 11/17 17:34 5:00 0:00
Travis Konecny 0 1 1 0 0 3 5 0 0 0 0/2 17:41 4:57 0:00
Trevor Moore 0 1 1 1 0 5 1 0 0 1 0/1 15:07 0:53 2:47
Tyler Myers 0 1 1 0 0 2 1 1 0 1 0/0 17:41 0:35 2:49
Players Stats for Anaheim Ducks
Player Name G A P +/- PIM S H SB GA TA FO MP PP MP PK MP
------------------------------------------------------------------------------------
Alex Killorn 0 0 0 -1 2 5 1 0 1 0 1/1 17:16 2:26 1:54
Alexandre Texier 0 0 0 0 0 0 0 0 0 0 1/2 10:09 0:04 4:17
Alexey Toropchenko 0 0 0 0 0 0 0 0 0 0 0/0 5:14 0:00 0:00
Brayden Schenn 0 0 0 -1 4 2 2 0 1 0 2/2 18:20 2:26 2:49
Brenden Dillon 0 0 0 1 0 0 1 0 0 0 0/0 17:26 0:00 5:07
Chandler Stephenson 0 0 0 0 0 1 0 0 0 0 6/8 11:17 0:00 2:00
Esa Lindell 0 0 0 -1 0 1 2 1 0 0 0/0 25:35 1:59 5:02
Ivan Provorov 0 0 0 -1 0 1 0 5 1 0 0/0 21:25 1:59 4:59
J.T. Compher 0 0 0 0 0 0 0 0 0 0 3/5 14:16 0:00 5:04
John Tavares 1 1 2 0 0 4 2 1 1 2 0/1 22:05 2:52 1:36
Josh Manson 0 0 0 1 7 0 1 1 0 0 0/0 13:59 0:00 2:48
Joshua Morrissey 0 1 1 -1 2 0 2 4 0 0 0/0 23:14 3:23 0:49
Luke Evangelista 0 0 0 0 0 1 0 1 1 0 0/0 5:14 0:00 0:00
Mark Scheifele 0 0 0 0 2 3 3 0 1 0 16/35 20:00 2:56 0:00
Mason Marchment 0 0 0 0 0 1 0 0 1 0 0/0 8:52 0:00 0:00
Morgan Rielly 0 0 0 -1 5 3 3 1 1 1 0/0 18:33 3:23 0:35
Nazem Kadri 0 0 0 -1 0 4 0 0 1 1 6/14 17:03 2:26 1:40
William Nylander 1 1 2 0 0 5 1 0 1 0 1/1 20:14 2:56 0:00
3 Stars
1 - Kirill Kaprizov (TBL)
2 - Jonathan Huberdeau (TBL)
3 - John Tavares (ANA)
Power Play
Tampa Bay Lightning - 2 on 6 Attempt(s) - 33.33%
Anaheim Ducks - 1 on 3 Attempt(s) - 33.33%
Penalty Kill
Tampa Bay Lightning - 2 on 3 Attempt(s) - 66.67%
- Score 0 goal in Penalty Kill
Anaheim Ducks - 4 on 6 Attempt(s) - 66.67%
- Score 0 goal in Penalty Kill
Team Stat
Tampa Bay Lightning - Hits : 23 - Faceoff Wins : 33 - Blocked Shots : 15 - Penalty Minutes : 16
Anaheim Ducks - Hits : 18 - Faceoff Wins : 36 - Blocked Shots : 14 - Penalty Minutes : 22
Official
Referees : Furman South and Ghislain Hebert
Linesman : Mark Shewchyk and CJ Murray
Game Notes
Josh Manson beats up Hampus Lindholm at 1:11 of 1st period
Filip Forsberg beats up Morgan Rielly at 17:04 of 1st period
Finance
Level 1 -- Attendance: 4642 (77.37%) -- Ticket Income $464,200
Level 2 -- Attendance: 3552 (71.04%) -- Ticket Income $213,120
Level 3 -- Attendance: 2070 (69.00%) -- Ticket Income $95,220
Level 4 -- Attendance: 4051 (81.02%) -- Ticket Income $101,275
Luxury Box -- Attendance: 796 (79.60%) -- Ticket Income $159,200
Game was played at the Honda Center.
Total Attendance: 15111 (75.56%)
Total Ticket Income: $1,033,015
Other Income: $361,555
Total Income: $1,394,570
Tampa Bay Lightning
5 vs 5 Forward
Center Left Wing Right Wing Time % Phy DF OF
1 Anze Kopitar Kirill Kaprizov Gustav Nyquist 34 0 2 3
2 Roope Hintz Travis Konecny Filip Forsberg 33 0 3 2
3 Jamie Benn Trevor Moore Jonathan Huberdeau 28 0 2 3
4 Jason Dickinson Dylan Cozens Jordan Martinook 5 0 2 3
5 vs 5 Defense
Defense Defense Time % Phy DF OF
1 Moritz Seider Brent Burns 36 1 3 1
2 Michael Matheson Hampus Lindholm 34 1 3 1
3 Darnell Nurse Tyler Myers 30 1 3 1
4 Moritz Seider Michael Matheson 0 1 2 2
PowerPlay Forward
Center Left Wing Right Wing Time % Phy DF OF
1 Anze Kopitar Kirill Kaprizov Filip Forsberg 50 1 2 2
2 Roope Hintz Jamie Benn Travis Konecny 50 1 2 2
PowerPlay Defense
Defense Defense Time % Phy DF OF
1 Michael Matheson Moritz Seider 50 1 2 2
2 Brent Burns Darnell Nurse 50 1 2 2
Penalty Kill 4 Players Forward
Center Wing Time % Phy DF OF
1 Jason Dickinson Trevor Moore 50 1 2 2
2 Anze Kopitar Dylan Cozens 50 1 2 2
Penalty Kill 4 Players Defense
Defense Defense Time % Phy DF OF
1 Moritz Seider Tyler Myers 50 1 2 2
2 Michael Matheson Darnell Nurse 50 1 2 2
Penalty Kill - 3 Players Forward
Forward Time % Phy DF OF
1 Anze Kopitar 50 1 2 2
2 Jason Dickinson 50 1 2 2
Penalty Kill - 3 Players Defense
Defense Defense Time % Phy DF OF
1 Michael Matheson Darnell Nurse 50 1 2 2
2 Moritz Seider Tyler Myers 50 1 2 2
4 vs 4 Forward
Center Wing Time % Phy DF OF
1 Jamie Benn Travis Konecny 50 1 2 2
2 Anze Kopitar Roope Hintz 50 1 2 2
4 vs 4 Defense
Defense Defense Time % Phy DF OF
1 Michael Matheson Moritz Seider 50 1 2 2
2 Brent Burns Tyler Myers 50 1 2 2
Last Minutes Offensive
Center Left Wing Right Wing Defense Defense
Anze Kopitar Kirill Kaprizov Filip Forsberg Michael Matheson Moritz Seider
Last Minutes Defensive
Center Left Wing Right Wing Defense Defense
Anze Kopitar Jason Dickinson Travis Konecny Moritz Seider Hampus Lindholm
Goaltenders
Starting : Darcy Kuemper
Backup : Jeremy Swayman
Extra Forwards
Normal : Travis Konecny, Filip Forsberg, Jamie Benn - PP : Jonathan Huberdeau, Trevor Moore - PK : Travis Konecny
Extra Defensemen
Normal : Darnell Nurse, Michael Matheson, Moritz Seider - PP : Moritz Seider - PK : Brent Burns, Darnell Nurse
Penalty Shots
Trevor Moore, Filip Forsberg, Kirill Kaprizov, Gustav Nyquist, Jonathan Huberdeau
Scratches
None
Anaheim Ducks
5 vs 5 Forward
Center Left Wing Right Wing Time % Phy DF OF
1 Mark Scheifele John Tavares William Nylander 40 1 2 2
2 Nazem Kadri Brayden Schenn Alex Killorn 30 1 2 2
3 Chandler Stephenson J.T. Compher Mason Marchment 20 1 2 2
4 Alexandre Texier Alexey Toropchenko Luke Evangelista 10 1 2 2
5 vs 5 Defense
Defense Defense Time % Phy DF OF
1 Esa Lindell Joshua Morrissey 40 1 2 2
2 Ivan Provorov Morgan Rielly 35 1 2 2
3 Brenden Dillon Josh Manson 25 1 2 2
4 Esa Lindell Ivan Provorov 0 1 2 2
PowerPlay Forward
Center Left Wing Right Wing Time % Phy DF OF
1 Mark Scheifele John Tavares William Nylander 60 1 1 3
2 Nazem Kadri Brayden Schenn Alex Killorn 40 1 1 3
PowerPlay Defense
Defense Defense Time % Phy DF OF
1 Morgan Rielly Joshua Morrissey 60 1 1 3
2 Ivan Provorov Esa Lindell 40 1 2 2
Penalty Kill 4 Players Forward
Center Wing Time % Phy DF OF
1 J.T. Compher Brayden Schenn 60 1 3 1
2 Chandler Stephenson Alex Killorn 40 1 3 1
Penalty Kill 4 Players Defense
Defense Defense Time % Phy DF OF
1 Esa Lindell Ivan Provorov 60 1 3 1
2 Josh Manson Brenden Dillon 40 1 3 1
Penalty Kill - 3 Players Forward
Forward Time % Phy DF OF
1 J.T. Compher 60 1 4 0
2 Brayden Schenn 40 1 4 0
Penalty Kill - 3 Players Defense
Defense Defense Time % Phy DF OF
1 Esa Lindell Ivan Provorov 60 1 4 0
2 Josh Manson Brenden Dillon 40 1 4 0
4 vs 4 Forward
Center Wing Time % Phy DF OF
1 Mark Scheifele William Nylander 60 1 2 2
2 Nazem Kadri John Tavares 40 1 2 2
4 vs 4 Defense
Defense Defense Time % Phy DF OF
1 Esa Lindell Joshua Morrissey 60 1 2 2
2 Morgan Rielly Ivan Provorov 40 1 2 2
Last Minutes Offensive
Center Left Wing Right Wing Defense Defense
Mark Scheifele John Tavares William Nylander Joshua Morrissey Morgan Rielly
Last Minutes Defensive
Center Left Wing Right Wing Defense Defense
J.T. Compher Alex Killorn Brayden Schenn Ivan Provorov Esa Lindell
Goaltenders
Starting : Linus Ullmark
Backup : James Reimer
Extra Forwards
Normal : William Nylander, Mark Scheifele, John Tavares - PP : William Nylander, Mark Scheifele - PK : J.T. Compher
Extra Defensemen
Normal : Esa Lindell, Morgan Rielly, Brenden Dillon - PP : Joshua Morrissey - PK : Esa Lindell, Ivan Provorov
Penalty Shots
Alexandre Texier, Brenden Dillon, Mark Scheifele, John Tavares, Brayden Schenn
Scratches
Jakob Chychrun (Healthy)
% Time on Ice - Tampa Bay Lightning
Lines # - Real PCT - Wanted PCT - Time Play
Normal Forward
1 - 35% - 34% - 15:48
2 - 29% - 33% - 13:11
3 - 21% - 28% - 9:22
4 - 15% - 5% - 6:37
Normal Defense
1 - 40% - 36% - 18:05
2 - 33% - 34% - 14:41
3 - 27% - 30% - 12:12
4 - 0% - 0% - 0:00
PP Forward
1 - 47% - 50% - 4:31
2 - 53% - 50% - 5:09
PP Defense
1 - 43% - 50% - 4:07
2 - 57% - 50% - 5:33
PK Forward
1 - 52% - 50% - 2:47
2 - 48% - 50% - 2:35
PK Defense
1 - 58% - 50% - 3:06
2 - 42% - 50% - 2:16
PK3 Forward
1 - 0% - 50%
2 - 0% - 50%
PK3 Defense
1 - 0% - 50%
2 - 0% - 50%
44 Forward
1 - 0% - 50%
2 - 0% - 50%
44 Defense
1 - 0% - 50%
2 - 0% - 50%
Last Minute Offensive - 0:00
Last Minute Defensive - 0:00
Total
Forward - 60:00
Defense - 60:00
|
% Time on Ice - Anaheim Ducks
Lines # - Real PCT - Wanted PCT - Time Play
Normal Forward
1 - 39% - 40% - 17:32
2 - 30% - 30% - 13:20
3 - 20% - 20% - 8:52
4 - 12% - 10% - 5:14
Normal Defense
1 - 41% - 40% - 18:20
2 - 31% - 35% - 13:59
3 - 27% - 25% - 11:56
4 - 2% - 0% - 0:43
PP Forward
1 - 55% - 60% - 2:56
2 - 45% - 40% - 2:26
PP Defense
1 - 63% - 60% - 3:23
2 - 37% - 40% - 1:59
PK Forward
1 - 79% - 60% - 7:40
2 - 21% - 40% - 2:00
PK Defense
1 - 46% - 60% - 4:26
2 - 54% - 40% - 5:14
PK3 Forward
1 - 0% - 60%
2 - 0% - 40%
PK3 Defense
1 - 0% - 60%
2 - 0% - 40%
44 Forward
1 - 0% - 60%
2 - 0% - 40%
44 Defense
1 - 0% - 60%
2 - 0% - 40%
Last Minute Offensive - 0:00
Last Minute Defensive - 0:00
Total
Forward - 60:00
Defense - 60:00
|
Play-by-Play
1st period
0:01 of 1st period - Mark Scheifele wins face-off versus Anze Kopitar in neutral zone.
0:32 of 1st period - Roope Hintz is hit by Morgan Rielly and loses puck.
0:57 of 1st period - Wrist shot by Jonathan Huberdeau.
0:57 of 1st period - Stopped by Linus Ullmark without a rebound.
0:58 of 1st period - Jamie Benn wins face-off versus Alexandre Texier in Anaheim Ducks zone.
1:03 of 1st period - Wrist shot by Jamie Benn.
1:03 of 1st period - Stopped by Linus Ullmark with a rebound.
1:05 of 1st period - Snap shot by Trevor Moore.
1:05 of 1st period - Stopped by Linus Ullmark without a rebound.
1:06 of 1st period - Alexandre Texier wins face-off versus Jamie Benn in Anaheim Ducks zone.
1:06 of 1st period - Alexandre Texier is hit by Jonathan Huberdeau.
1:11 of 1st period - Josh Manson beats up Hampus Lindholm.
1:11 of 1st period - Penalty to Josh Manson for Fighting.
1:11 of 1st period - Penalty to Hampus Lindholm for Fighting.
1:12 of 1st period - Jordan Martinook wins face-off versus Mark Scheifele in neutral zone.
1:25 of 1st period - Snap shot by Jason Dickinson.
1:25 of 1st period - Shot Misses the Net.
1:27 of 1st period - Slapshot by Tyler Myers.
1:27 of 1st period - Stopped by Linus Ullmark without a rebound.
1:28 of 1st period - Anze Kopitar wins face-off versus Chandler Stephenson in Anaheim Ducks zone.
1:31 of 1st period - Snap shot by Anze Kopitar.
1:31 of 1st period - Stopped by Linus Ullmark with a rebound.
1:33 of 1st period - Slapshot by Darnell Nurse.
1:33 of 1st period - Stopped by Linus Ullmark with a rebound.
1:35 of 1st period - Slapshot by Michael Matheson.
1:35 of 1st period - Stopped by Linus Ullmark without a rebound.
1:36 of 1st period - Anze Kopitar wins face-off versus Chandler Stephenson in Anaheim Ducks zone.
1:39 of 1st period - Snap shot by Gustav Nyquist.
1:39 of 1st period - Shot Blocked by Esa Lindell.
1:41 of 1st period - Slapshot by Michael Matheson.
1:41 of 1st period - Stopped by Linus Ullmark with a rebound.
2:19 of 1st period - Snap shot by Anze Kopitar.
2:19 of 1st period - Stopped by Linus Ullmark with a rebound.
2:21 of 1st period - Snap shot by Gustav Nyquist.
2:21 of 1st period - Stopped by Linus Ullmark with a rebound.
2:23 of 1st period - Wrist shot by Anze Kopitar.
2:23 of 1st period - Shot Misses the Net.
2:25 of 1st period - Slapshot by Darnell Nurse.
2:25 of 1st period - Shot Misses the Net.
2:32 of 1st period - Minor Penalty to Joshua Morrissey for Cross-checking.
2:33 of 1st period - Roope Hintz wins face-off versus J.T. Compher in Anaheim Ducks zone.
4:32 of 1st period - Penalty to Joshua Morrissey is over, Joshua Morrissey is back on ice.
4:42 of 1st period - Wrist shot by John Tavares.
4:42 of 1st period - Shot Blocked by Moritz Seider.
4:44 of 1st period - Slapshot by Morgan Rielly.
4:44 of 1st period - Deflect By Michael Matheson.
4:44 of 1st period - Stopped by Darcy Kuemper with a rebound.
4:46 of 1st period - Slapshot by Morgan Rielly.
4:46 of 1st period - Shot Misses the Net.
4:48 of 1st period - Wrist shot by William Nylander.
4:48 of 1st period - Shot Blocked by Jordan Martinook.
5:00 of 1st period - Jason Dickinson is hit by Joshua Morrissey and loses puck.
5:24 of 1st period - Snap shot by Jason Dickinson.
5:24 of 1st period - Shot Misses the Net.
5:44 of 1st period - Snap shot by Trevor Moore.
5:44 of 1st period - Stopped by Linus Ullmark without a rebound.
5:45 of 1st period - Mark Scheifele wins face-off versus Jamie Benn in Anaheim Ducks zone.
6:16 of 1st period - Snap shot by Nazem Kadri.
6:16 of 1st period - Stopped by Darcy Kuemper without a rebound.
6:17 of 1st period - Roope Hintz wins face-off versus Nazem Kadri in Tampa Bay Lightning zone.
6:17 of 1st period - Roope Hintz is hit by Joshua Morrissey.
6:43 of 1st period - Tyler Myers is hit by Mark Scheifele and loses puck.
6:52 of 1st period - Snap shot by Mark Scheifele.
6:52 of 1st period - Stopped by Darcy Kuemper without a rebound.
6:53 of 1st period - Mark Scheifele wins face-off versus Roope Hintz in Tampa Bay Lightning zone.
7:02 of 1st period - William Nylander is hit by Moritz Seider and loses puck.
7:06 of 1st period - Icing by John Tavares.
7:07 of 1st period - Gustav Nyquist wins face-off versus Mark Scheifele in Anaheim Ducks zone.
7:14 of 1st period - Wrist shot by Anze Kopitar.
7:14 of 1st period - Stopped by Linus Ullmark without a rebound.
7:15 of 1st period - Brayden Schenn wins face-off versus Anze Kopitar in Anaheim Ducks zone.
7:22 of 1st period - Snap shot by Anze Kopitar.
7:22 of 1st period - Stopped by Linus Ullmark without a rebound.
7:23 of 1st period - Nazem Kadri wins face-off versus Roope Hintz in Anaheim Ducks zone.
7:38 of 1st period - Wrist shot by Nazem Kadri.
7:38 of 1st period - Shot Hit the Post.
7:40 of 1st period - Snap shot by Alex Killorn.
7:40 of 1st period - Stopped by Darcy Kuemper with a rebound.
8:44 of 1st period - Snap shot by Nazem Kadri.
8:44 of 1st period - Shot Misses the Net.
8:46 of 1st period - Snap shot by Brayden Schenn.
8:46 of 1st period - Stopped by Darcy Kuemper without a rebound.
8:47 of 1st period - Mark Scheifele wins face-off versus Jamie Benn in Tampa Bay Lightning zone.
8:57 of 1st period - Wrist shot by Mark Scheifele.
8:57 of 1st period - Shot Blocked by Tyler Myers.
8:59 of 1st period - Snap shot by Morgan Rielly.
8:59 of 1st period - Stopped by Darcy Kuemper with a rebound.
9:52 of 1st period - Dylan Cozens is hit by Morgan Rielly and loses puck.
10:17 of 1st period - Wrist shot by Jonathan Huberdeau.
10:17 of 1st period - Shot Blocked by Josh Manson.
10:45 of 1st period - Slapshot by Mark Scheifele.
10:45 of 1st period - Shot Misses the Net.
10:57 of 1st period - Icing by Gustav Nyquist.
10:58 of 1st period - Chandler Stephenson wins face-off versus Anze Kopitar in Tampa Bay Lightning zone.
11:19 of 1st period - Snap shot by Trevor Moore.
11:19 of 1st period - Stopped by Linus Ullmark without a rebound.
11:20 of 1st period - Jamie Benn wins face-off versus John Tavares in Anaheim Ducks zone.
11:25 of 1st period - Snap shot by Trevor Moore.
11:25 of 1st period - Deflect By Morgan Rielly.
11:25 of 1st period - Stopped by Linus Ullmark with a rebound.
11:50 of 1st period - Moritz Seider is hit by Mark Scheifele and loses puck.
11:55 of 1st period - Wrist shot by William Nylander.
11:55 of 1st period - Shot Hit the Post.
11:57 of 1st period - Wrist shot by Mark Scheifele.
11:57 of 1st period - Shot Blocked by Jamie Benn.
11:59 of 1st period - Snap shot by Mark Scheifele.
11:59 of 1st period - Deflect By Trevor Moore.
11:59 of 1st period - Shot Blocked by Jamie Benn.
11:59 of 1st period - Puck is out of play.
12:00 of 1st period - Roope Hintz wins face-off versus Nazem Kadri in Tampa Bay Lightning zone.
12:49 of 1st period - Snap shot by Dylan Cozens.
12:49 of 1st period - Stopped by Linus Ullmark with a rebound.
13:33 of 1st period - Wrist shot by Alex Killorn.
13:33 of 1st period - Shot Blocked by Darnell Nurse.
13:47 of 1st period - Minor Penalty to Josh Manson for Delaying the game.
13:48 of 1st period - J.T. Compher wins face-off versus Anze Kopitar in Anaheim Ducks zone.
13:48 of 1st period - J.T. Compher is hit by Kirill Kaprizov.
14:57 of 1st period - Snap shot by Alex Killorn.
14:57 of 1st period - Stopped by Darcy Kuemper with a rebound.
14:59 of 1st period - Snap shot by Chandler Stephenson.
14:59 of 1st period - Shot Blocked by Jamie Benn.
15:29 of 1st period - John Tavares is hit by Moritz Seider and loses puck.
15:47 of 1st period - Penalty to Josh Manson is over, Josh Manson is back on ice.
16:03 of 1st period - Jordan Martinook is hit by Brenden Dillon and loses puck.
16:10 of 1st period - Snap shot by William Nylander.
16:10 of 1st period - Stopped by Darcy Kuemper without a rebound.
16:11 of 1st period - Mark Scheifele wins face-off versus Jamie Benn in Tampa Bay Lightning zone.
16:28 of 1st period - Jamie Benn is hit by Morgan Rielly and loses puck.
16:43 of 1st period - Wrist shot by Gustav Nyquist.
16:43 of 1st period - Shot Misses the Net.
16:45 of 1st period - Snap shot by Kirill Kaprizov.
16:45 of 1st period - Shot Misses the Net.
16:47 of 1st period - Wrist shot by Anze Kopitar.
16:47 of 1st period - Deflect By Kirill Kaprizov.
16:47 of 1st period - Shot Blocked by Luke Evangelista.
16:47 of 1st period - Puck is out of play.
16:48 of 1st period - Alex Killorn wins face-off versus Roope Hintz in Anaheim Ducks zone.
17:04 of 1st period - Filip Forsberg beats up Morgan Rielly.
17:04 of 1st period - Penalty to Morgan Rielly for Fighting.
17:04 of 1st period - Penalty to Filip Forsberg for Fighting.
17:05 of 1st period - Mark Scheifele wins face-off versus Anze Kopitar in Tampa Bay Lightning zone.
17:12 of 1st period - Snap shot by John Tavares.
17:12 of 1st period - Shot Misses the Net.
17:14 of 1st period - Slapshot by Esa Lindell.
17:14 of 1st period - Stopped by Darcy Kuemper with a rebound.
17:16 of 1st period - Slapshot by William Nylander.
17:16 of 1st period - Shot Blocked by Anze Kopitar.
17:39 of 1st period - Slapshot by Travis Konecny.
17:39 of 1st period - Stopped by Linus Ullmark without a rebound.
17:40 of 1st period - Roope Hintz wins face-off versus Mark Scheifele in Anaheim Ducks zone.
19:06 of 1st period - Wrist shot by Mark Scheifele.
19:06 of 1st period - Shot Misses the Net.
19:18 of 1st period - Esa Lindell is hit by Tyler Myers and loses puck.
19:35 of 1st period - Backhand shot by Kirill Kaprizov.
19:35 of 1st period - Shot Misses the Net.
19:57 of 1st period - Wrist shot by Alexandre Texier.
19:57 of 1st period - Deflect By Luke Evangelista.
19:57 of 1st period - Stopped by Darcy Kuemper with a rebound.
Goals for this period are 0 for Tampa Bay Lightning vs 0 for Anaheim Ducks.
Shots for this period are 17 for Tampa Bay Lightning vs 10 for Anaheim Ducks.
2nd period
0:01 of 2nd period - Mark Scheifele wins face-off versus Anze Kopitar in neutral zone.
0:26 of 2nd period - Alex Killorn is hit by Hampus Lindholm and loses puck.
0:33 of 2nd period - Slapshot by Roope Hintz.
0:33 of 2nd period - Shot Misses the Net.
1:14 of 2nd period - Snap shot by Mason Marchment.
1:14 of 2nd period - Stopped by Darcy Kuemper without a rebound.
1:15 of 2nd period - Chandler Stephenson wins face-off versus Anze Kopitar in Tampa Bay Lightning zone.
1:16 of 2nd period - Wrist shot by J.T. Compher.
1:16 of 2nd period - Deflect By Chandler Stephenson.
1:16 of 2nd period - Stopped by Darcy Kuemper without a rebound.
1:17 of 2nd period - Anze Kopitar wins face-off versus Mark Scheifele in Tampa Bay Lightning zone.
1:21 of 2nd period - Off-side.
1:22 of 2nd period - Mark Scheifele wins face-off versus Anze Kopitar in neutral zone.
1:39 of 2nd period - Snap shot by Anze Kopitar.
1:39 of 2nd period - Shot Blocked by Joshua Morrissey.
1:41 of 2nd period - Backhand shot by Anze Kopitar.
1:41 of 2nd period - Shot Misses the Net.
1:45 of 2nd period - Snap shot by Kirill Kaprizov.
1:45 of 2nd period - Shot Blocked by Joshua Morrissey.
1:47 of 2nd period - Snap shot by Gustav Nyquist.
1:47 of 2nd period - Deflect By Kirill Kaprizov.
1:47 of 2nd period - Shot Blocked by Joshua Morrissey.
1:47 of 2nd period - Puck is out of play.
1:48 of 2nd period - Nazem Kadri wins face-off versus Roope Hintz in Anaheim Ducks zone.
2:13 of 2nd period - Dylan Cozens is hit by Esa Lindell.
2:37 of 2nd period - Slapshot by John Tavares.
2:37 of 2nd period - Shot Misses the Net.
2:39 of 2nd period - Backhand shot by William Nylander.
2:39 of 2nd period - Shot Hit the Post.
2:41 of 2nd period - Slapshot by Ivan Provorov.
2:41 of 2nd period - Stopped by Darcy Kuemper without a rebound.
2:42 of 2nd period - Jamie Benn wins face-off versus Mark Scheifele in Tampa Bay Lightning zone.
3:05 of 2nd period - Brenden Dillon is hit by Travis Konecny.
3:09 of 2nd period - Josh Manson is hit by Michael Matheson.
3:34 of 2nd period - Wrist shot by Nazem Kadri.
3:34 of 2nd period - Shot Misses the Net.
3:36 of 2nd period - Snap shot by Alex Killorn.
3:36 of 2nd period - Stopped by Darcy Kuemper without a rebound.
3:37 of 2nd period - Chandler Stephenson wins face-off versus Jamie Benn in Tampa Bay Lightning zone.
3:42 of 2nd period - Slapshot by J.T. Compher.
3:42 of 2nd period - Deflect By Mason Marchment.
3:42 of 2nd period - Shot Blocked by Jonathan Huberdeau.
3:42 of 2nd period - Puck is out of play.
3:43 of 2nd period - Chandler Stephenson wins face-off versus Jamie Benn in Tampa Bay Lightning zone.
4:14 of 2nd period - Snap shot by Kirill Kaprizov.
4:14 of 2nd period - Shot Misses the Net.
4:31 of 2nd period - Off-side.
4:32 of 2nd period - Roope Hintz wins face-off versus Nazem Kadri in neutral zone.
5:05 of 2nd period - Wrist shot by William Nylander.
5:05 of 2nd period - Shot Hit the Post.
5:23 of 2nd period - Snap shot by Kirill Kaprizov.
5:23 of 2nd period - Shot Blocked by Ivan Provorov.
5:39 of 2nd period - Chandler Stephenson is hit by Travis Konecny and loses puck.
5:44 of 2nd period - Snap shot by Travis Konecny.
5:44 of 2nd period - Shot Blocked by Ivan Provorov.
6:03 of 2nd period - Snap shot by Brent Burns.
6:03 of 2nd period - Shot Blocked by Morgan Rielly.
6:32 of 2nd period - Jonathan Huberdeau is hit by William Nylander and loses puck.
6:49 of 2nd period - Esa Lindell is hit by Anze Kopitar and loses puck.
7:32 of 2nd period - Wrist shot by John Tavares.
7:32 of 2nd period - Goal by John Tavares - Tampa Bay Lightning : 0 - Anaheim Ducks : 1.
7:33 of 2nd period - Anze Kopitar wins face-off versus Mark Scheifele in neutral zone.
7:48 of 2nd period - Wrist shot by Anze Kopitar.
7:48 of 2nd period - Stopped by Linus Ullmark with a rebound.
8:00 of 2nd period - Brayden Schenn is hit by Brent Burns and loses puck.
8:26 of 2nd period - Joshua Morrissey is hit by Trevor Moore.
8:42 of 2nd period - Icing by J.T. Compher.
8:43 of 2nd period - Chandler Stephenson wins face-off versus Anze Kopitar in Anaheim Ducks zone.
9:20 of 2nd period - Ivan Provorov is hit by Travis Konecny and loses puck.
11:00 of 2nd period - Wrist shot by Jonathan Huberdeau.
11:00 of 2nd period - Goal by Jonathan Huberdeau - Tampa Bay Lightning : 1 - Anaheim Ducks : 1.
11:01 of 2nd period - Anze Kopitar wins face-off versus Mark Scheifele in neutral zone.
11:07 of 2nd period - Icing by Joshua Morrissey.
11:08 of 2nd period - Mark Scheifele wins face-off versus Anze Kopitar in Anaheim Ducks zone.
11:43 of 2nd period - Wrist shot by Mark Scheifele.
11:43 of 2nd period - Stopped by Darcy Kuemper without a rebound.
11:44 of 2nd period - Nazem Kadri wins face-off versus Jamie Benn in Tampa Bay Lightning zone.
11:53 of 2nd period - Snap shot by Brayden Schenn.
11:53 of 2nd period - Shot Misses the Net.
12:29 of 2nd period - Jordan Martinook is hit by Josh Manson and loses puck.
12:39 of 2nd period - Icing by Jason Dickinson.
12:40 of 2nd period - Mark Scheifele wins face-off versus Jason Dickinson in Tampa Bay Lightning zone.
12:49 of 2nd period - Snap shot by William Nylander.
12:49 of 2nd period - Stopped by Darcy Kuemper with a rebound.
12:51 of 2nd period - Snap shot by John Tavares.
12:51 of 2nd period - Stopped by Darcy Kuemper without a rebound.
12:52 of 2nd period - Mark Scheifele wins face-off versus Roope Hintz in Tampa Bay Lightning zone.
12:53 of 2nd period - Snap shot by William Nylander.
12:53 of 2nd period - Stopped by Darcy Kuemper with a rebound.
13:19 of 2nd period - Hampus Lindholm is hit by Brayden Schenn and loses puck.
13:24 of 2nd period - Snap shot by Nazem Kadri.
13:24 of 2nd period - Shot Misses the Net.
13:26 of 2nd period - Snap shot by Brayden Schenn.
13:26 of 2nd period - Shot Blocked by Michael Matheson.
13:28 of 2nd period - Wrist shot by Alex Killorn.
13:28 of 2nd period - Shot Blocked by Michael Matheson.
13:30 of 2nd period - Snap shot by Brayden Schenn.
13:30 of 2nd period - Stopped by Darcy Kuemper without a rebound.
13:31 of 2nd period - Anze Kopitar wins face-off versus Mark Scheifele in Tampa Bay Lightning zone.
13:40 of 2nd period - Snap shot by Kirill Kaprizov.
13:40 of 2nd period - Goal by Kirill Kaprizov - Tampa Bay Lightning : 2 - Anaheim Ducks : 1.
13:41 of 2nd period - Roope Hintz wins face-off versus Mark Scheifele in neutral zone.
13:46 of 2nd period - Snap shot by Filip Forsberg.
13:46 of 2nd period - Shot Misses the Net.
13:48 of 2nd period - Slapshot by Darnell Nurse.
13:48 of 2nd period - Deflect By William Nylander.
13:48 of 2nd period - Stopped by Linus Ullmark without a rebound.
13:49 of 2nd period - Roope Hintz wins face-off versus Mark Scheifele in Anaheim Ducks zone.
13:54 of 2nd period - Wrist shot by Travis Konecny.
13:54 of 2nd period - Shot Blocked by Joshua Morrissey.
13:56 of 2nd period - Wrist shot by Travis Konecny.
13:56 of 2nd period - Stopped by Linus Ullmark with a rebound.
13:58 of 2nd period - Slapshot by Tyler Myers.
13:58 of 2nd period - Stopped by Linus Ullmark without a rebound.
13:59 of 2nd period - Mark Scheifele wins face-off versus Anze Kopitar in Anaheim Ducks zone.
15:31 of 2nd period - Icing by Josh Manson.
15:32 of 2nd period - Anze Kopitar wins face-off versus Mark Scheifele in Anaheim Ducks zone.
16:29 of 2nd period - Snap shot by Anze Kopitar.
16:29 of 2nd period - Stopped by Linus Ullmark with a rebound.
16:31 of 2nd period - Wrist shot by Gustav Nyquist.
16:31 of 2nd period - Shot Blocked by Ivan Provorov.
16:33 of 2nd period - Slapshot by Tyler Myers.
16:33 of 2nd period - Shot Misses the Net.
16:35 of 2nd period - Snap shot by Tyler Myers.
16:35 of 2nd period - Shot Blocked by Ivan Provorov.
16:37 of 2nd period - Snap shot by Anze Kopitar.
16:37 of 2nd period - Shot Blocked by Ivan Provorov.
16:39 of 2nd period - Wrist shot by Gustav Nyquist.
16:39 of 2nd period - Stopped by Linus Ullmark with a rebound.
16:53 of 2nd period - Wrist shot by Anze Kopitar.
16:53 of 2nd period - Shot Misses the Net.
17:14 of 2nd period - Minor Penalty to Alex Killorn for Roughing.
17:15 of 2nd period - Brayden Schenn wins face-off versus Travis Konecny in Anaheim Ducks zone.
17:15 of 2nd period - Brayden Schenn is hit by Travis Konecny.
17:20 of 2nd period - Travis Konecny is hit by Brayden Schenn and loses puck.
18:37 of 2nd period - Ivan Provorov is hit by Dylan Cozens and loses puck.
19:14 of 2nd period - Penalty to Alex Killorn is over, Alex Killorn is back on ice.
19:41 of 2nd period - Alex Killorn is hit by Jonathan Huberdeau and loses puck.
Goals for this period are 2 for Tampa Bay Lightning vs 1 for Anaheim Ducks.
Shots for this period are 8 for Tampa Bay Lightning vs 10 for Anaheim Ducks.
3rd period
0:01 of 3rd period - Roope Hintz wins face-off versus Mark Scheifele in neutral zone.
0:06 of 3rd period - Slapshot by Brent Burns.
0:06 of 3rd period - Stopped by Linus Ullmark without a rebound.
0:07 of 3rd period - Roope Hintz wins face-off versus Mark Scheifele in Anaheim Ducks zone.
0:10 of 3rd period - Slapshot by Roope Hintz.
0:10 of 3rd period - Shot Misses the Net.
0:22 of 3rd period - Snap shot by John Tavares.
0:22 of 3rd period - Stopped by Darcy Kuemper with a rebound.
0:24 of 3rd period - Snap shot by William Nylander.
0:24 of 3rd period - Stopped by Darcy Kuemper without a rebound.
0:25 of 3rd period - Nazem Kadri wins face-off versus Jamie Benn in Tampa Bay Lightning zone.
0:33 of 3rd period - Minor Penalty to Brayden Schenn for Hooking.
0:34 of 3rd period - J.T. Compher wins face-off versus Anze Kopitar in Anaheim Ducks zone.
1:20 of 3rd period - Icing by Moritz Seider.
1:21 of 3rd period - Anze Kopitar wins face-off versus Nazem Kadri in Tampa Bay Lightning zone.
2:33 of 3rd period - Penalty to Brayden Schenn is over, Brayden Schenn is back on ice.
3:02 of 3rd period - Slapshot by Esa Lindell.
3:02 of 3rd period - Shot Misses the Net.
3:04 of 3rd period - Slapshot by Esa Lindell.
3:04 of 3rd period - Deflect By J.T. Compher.
3:04 of 3rd period - Shot Misses the Net.
3:04 of 3rd period - Puck is out of play.
3:05 of 3rd period - Chandler Stephenson wins face-off versus Trevor Moore in Tampa Bay Lightning zone.
3:13 of 3rd period - Brenden Dillon is hit by Jamie Benn and loses puck.
3:32 of 3rd period - Backhand shot by Roope Hintz.
3:32 of 3rd period - Stopped by Linus Ullmark with a rebound.
3:34 of 3rd period - Wrist shot by Roope Hintz.
3:34 of 3rd period - Shot Misses the Net.
3:36 of 3rd period - Slapshot by Travis Konecny.
3:36 of 3rd period - Stopped by Linus Ullmark without a rebound.
3:37 of 3rd period - Mark Scheifele wins face-off versus Anze Kopitar in Anaheim Ducks zone.
3:37 of 3rd period - Mark Scheifele is hit by Gustav Nyquist.
3:40 of 3rd period - Minor Penalty to Mark Scheifele for Delaying the game.
3:41 of 3rd period - Anze Kopitar wins face-off versus J.T. Compher in Anaheim Ducks zone.
3:54 of 3rd period - Slapshot by Darnell Nurse.
3:54 of 3rd period - Goal by Darnell Nurse - Tampa Bay Lightning : 3 - Anaheim Ducks : 1.
3:55 of 3rd period - Roope Hintz wins face-off versus Mark Scheifele in neutral zone.
4:38 of 3rd period - Brent Burns is hit by Alex Killorn and loses puck.
5:37 of 3rd period - Snap shot by Luke Evangelista.
5:37 of 3rd period - Shot Blocked by Darnell Nurse.
5:53 of 3rd period - Slapshot by Morgan Rielly.
5:53 of 3rd period - Stopped by Darcy Kuemper without a rebound.
5:54 of 3rd period - Nazem Kadri wins face-off versus Jamie Benn in Tampa Bay Lightning zone.
6:04 of 3rd period - Minor Penalty to Jamie Benn for Cross-checking.
6:05 of 3rd period - Jason Dickinson wins face-off versus Mark Scheifele in Tampa Bay Lightning zone.
6:31 of 3rd period - Snap shot by Nazem Kadri.
6:31 of 3rd period - Shot Blocked by Anze Kopitar.
6:45 of 3rd period - Moritz Seider is hit by John Tavares.
7:00 of 3rd period - Snap shot by Nazem Kadri.
7:00 of 3rd period - Stopped by Darcy Kuemper without a rebound.
7:01 of 3rd period - Anze Kopitar wins face-off versus Nazem Kadri in Tampa Bay Lightning zone.
7:14 of 3rd period - Snap shot by Dylan Cozens.
7:14 of 3rd period - Stopped by Linus Ullmark without a rebound.
7:15 of 3rd period - Jason Dickinson wins face-off versus Mark Scheifele in Anaheim Ducks zone.
7:16 of 3rd period - Wrist shot by Trevor Moore.
7:16 of 3rd period - Shot Blocked by John Tavares.
7:18 of 3rd period - Snap shot by Moritz Seider.
7:18 of 3rd period - Shot Misses the Net.
7:28 of 3rd period - Wrist shot by John Tavares.
7:28 of 3rd period - Deflect By William Nylander.
7:28 of 3rd period - Goal by William Nylander - Tampa Bay Lightning : 3 - Anaheim Ducks : 2.
7:29 of 3rd period - Roope Hintz wins face-off versus Mark Scheifele in neutral zone.
7:34 of 3rd period - Esa Lindell is hit by Travis Konecny and loses puck.
7:43 of 3rd period - Snap shot by Mark Scheifele.
7:43 of 3rd period - Stopped by Darcy Kuemper with a rebound.
7:45 of 3rd period - Snap shot by John Tavares.
7:45 of 3rd period - Shot Blocked by Moritz Seider.
7:55 of 3rd period - Esa Lindell is hit by Kirill Kaprizov.
8:15 of 3rd period - Minor Penalty to Moritz Seider for Interference.
8:16 of 3rd period - Mark Scheifele wins face-off versus Anze Kopitar in Tampa Bay Lightning zone.
8:33 of 3rd period - William Nylander is hit by Dylan Cozens and loses puck.
8:50 of 3rd period - Wrist shot by Brayden Schenn.
8:50 of 3rd period - Shot Misses the Net.
8:52 of 3rd period - Snap shot by Nazem Kadri.
8:52 of 3rd period - Stopped by Darcy Kuemper without a rebound.
8:53 of 3rd period - Jason Dickinson wins face-off versus Nazem Kadri in Tampa Bay Lightning zone.
9:02 of 3rd period - Slapshot by Alex Killorn.
9:02 of 3rd period - Stopped by Darcy Kuemper without a rebound.
9:03 of 3rd period - Anze Kopitar wins face-off versus Nazem Kadri in Tampa Bay Lightning zone.
9:35 of 3rd period - Slapshot by Nazem Kadri.
9:35 of 3rd period - Stopped by Darcy Kuemper without a rebound.
9:36 of 3rd period - Anze Kopitar wins face-off versus Mark Scheifele in Tampa Bay Lightning zone.
9:51 of 3rd period - Slapshot by Dylan Cozens.
9:51 of 3rd period - Shot Misses the Net.
9:54 of 3rd period - Icing by Morgan Rielly.
9:55 of 3rd period - William Nylander wins face-off versus Jason Dickinson in Anaheim Ducks zone.
10:02 of 3rd period - Slapshot by Trevor Moore.
10:02 of 3rd period - Stopped by Linus Ullmark with a rebound.
10:15 of 3rd period - Penalty to Moritz Seider is over, Moritz Seider is back on ice.
11:29 of 3rd period - Wrist shot by Trevor Moore.
11:29 of 3rd period - Deflect By Moritz Seider.
11:29 of 3rd period - Stopped by Linus Ullmark with a rebound.
11:37 of 3rd period - Wrist shot by Moritz Seider.
11:37 of 3rd period - Shot Misses the Net.
12:07 of 3rd period - Snap shot by Moritz Seider.
12:07 of 3rd period - Shot Misses the Net.
12:19 of 3rd period - Wrist shot by Mark Scheifele.
12:19 of 3rd period - Deflect By John Tavares.
12:19 of 3rd period - Stopped by Darcy Kuemper without a rebound.
12:20 of 3rd period - Nazem Kadri wins face-off versus Roope Hintz in Tampa Bay Lightning zone.
12:23 of 3rd period - Wrist shot by Nazem Kadri.
12:23 of 3rd period - Deflect By Alex Killorn.
12:23 of 3rd period - Stopped by Darcy Kuemper with a rebound.
12:43 of 3rd period - Minor Penalty to Brayden Schenn for Hooking.
12:44 of 3rd period - J.T. Compher wins face-off versus Anze Kopitar in Anaheim Ducks zone.
13:15 of 3rd period - Esa Lindell is hit by Jamie Benn.
14:11 of 3rd period - Backhand shot by Travis Konecny.
14:11 of 3rd period - Shot Misses the Net.
14:13 of 3rd period - Snap shot by Roope Hintz.
14:13 of 3rd period - Goal by Roope Hintz - Tampa Bay Lightning : 4 - Anaheim Ducks : 2.
14:14 of 3rd period - Anze Kopitar wins face-off versus Nazem Kadri in neutral zone.
14:20 of 3rd period - Minor Penalty to Moritz Seider for Roughing.
14:21 of 3rd period - Anze Kopitar wins face-off versus Mark Scheifele in Tampa Bay Lightning zone.
14:21 of 3rd period - Anze Kopitar is hit by John Tavares.
15:45 of 3rd period - Tyler Myers is hit by Esa Lindell and loses puck.
16:20 of 3rd period - Penalty to Moritz Seider is over, Moritz Seider is back on ice.
16:50 of 3rd period - Slapshot by Luke Evangelista.
16:50 of 3rd period - Shot Blocked by Michael Matheson.
17:37 of 3rd period - Tyler Myers is hit by Mark Scheifele and loses puck.
19:10 of 3rd period - Icing by Ivan Provorov.
19:11 of 3rd period - Mark Scheifele wins face-off versus Anze Kopitar in Anaheim Ducks zone.
19:11 of 3rd period - Mark Scheifele is hit by Jonathan Huberdeau.
19:38 of 3rd period - Icing by Ivan Provorov.
19:39 of 3rd period - Mark Scheifele wins face-off versus Travis Konecny in Anaheim Ducks zone.
Goals for this period are 2 for Tampa Bay Lightning vs 1 for Anaheim Ducks.
Shots for this period are 8 for Tampa Bay Lightning vs 11 for Anaheim Ducks.
Back to the Top